 Dungeon Crawl Stone Soup version 0.29-a0-451-gfbfa42419e (webtiles) character file.

Game seed: 10320962530803491267

128 trckry the Grave Robber (level 4, -10/30 HPs)
             Began as a Mummy Necromancer on May 20, 2022.
             Mangled by an ogre
             ... wielding a +0 giant club
              (28 damage)
             ... on level 4 of the Dungeon.
             The game lasted 00:11:16 (3769 turns).

trckry the Grave Robber (Mummy Necromancer)         Turns: 3769, Time: 00:11:17

Health: -10/30     AC:  5    Str: 13    XL:     4   Next: 86%
Magic:  1/10       EV: 12    Int: 16    God:
Gold:   208        SH:  0    Dex: 12    Spells: 3/11 levels left

rFire   x . .      SeeInvis .   j - +3 whip "Giqal" {elec, Will+ Str+2}
rCold   + . .      Faith    .   o - orb {*channel}
rNeg    + + +      Spirit   .   a - +0 robe
rPois   ∞          Reflect  .   k - +0 helmet
rElec   .          Harm     .   p - +0 cloak
rCorr   .          Rampage  .   d - +0 pair of gloves
Will    +....                   (no boots)
Stlth   ++........              f - amulet of regeneration
HPRegen 0.90/turn               (no ring)
MPRegen 0.12/turn               (no ring)

@: very slightly contaminated
A: cold resistance 1, negative energy resistance 3, torment resistance 2, heat
vulnerability 1, in touch with death 1, no potions
a: no special abilities


You were on level 4 of the Dungeon.
You visited 1 branch of the dungeon, and saw 4 of its levels.

You collected 208 gold pieces.

Inventory:

Hand Weapons
 j - the +3 whip "Giqal" (weapon) {elec, Will+ Str+2}
   (You found it on level 2 of the Dungeon)

   It occasionally discharges a powerful burst of electricity upon striking a
   foe.
   Str:       It affects your strength (+2).
   Will:      It increases your willpower.
Missiles
 q - 3 silver javelins
 r - 16 poisoned darts (quivered)
Armour
 a - a +0 robe (worn)
 d - a +0 pair of gloves (worn)
 k - a +0 helmet (worn)
 o - an orb of energy (worn)
 p - a +0 cloak (worn)
 v - the +1 pair of gloves "Ukazoa" {Rampage +Blink}
   (You found it on level 4 of the Dungeon)

   +Blink:    It lets you blink.
   Rampage:   It bestows one free step when moving towards enemies.
Jewellery
 f - an amulet of regeneration (around neck)
 s - an amulet of reflection
 w - an amulet of the acrobat
Scrolls
 b - 2 scrolls of magic mapping {unknown}
 c - a scroll of amnesia {unknown}
 e - a scroll of immolation {unknown}
 g - a scroll of torment {unknown}
 h - 4 scrolls of identify {unknown}
 i - 2 scrolls of fog {unknown}
 l - a scroll of silence {unknown}
 m - a scroll of enchant weapon {unknown}
 n - a scroll of acquirement {unknown}
 t - a scroll of vulnerability {unknown}
 u - a scroll of enchant armour {unknown}


   Skills:
 - Level 1.5 Dodging
 - Level 1.5 Stealth
 + Level 4.1 Spellcasting
 * Level 5.6 Necromancy


You had 3 spell levels left.
You knew the following spells:

 Your Spells              Type           Power      Damage    Failure   Level
a - Necrotize             Necr           100%       1d9       1%          1
b - Vampiric Draining     Necr           32%        2d8       4%          3
c - Animate Dead          Necr           32%        N/A       16%         4

Your spell library contained the following spells:

 Spells                   Type           Power      Damage    Failure   Level
 Shock                    Conj/Air       12%        1d3       17%         1
 Gell's Gravitas          Tloc           3%         N/A       45%         3
 Lesser Beckoning         Tloc           3%         N/A       45%         3
 Swiftness                Air            3%         N/A       45%         3
 Teleport Other           Tloc           3%         N/A       45%         3
 Agony                    Necr           32%        N/A       41%         5
 Airstrike                Air            1%         N/A       86%         4


Dungeon Overview and Level Annotations

Branches:
Dungeon (4/15)
 Temple: D:4-7

Altars:

Shops:
D:4 :


Innate Abilities, Weirdness & Mutations

You are immune to poison.
Your flesh is cold resistant. (rC+)
You are immune to negative energy. (rN+++)
You are immune to unholy pain and torment.
You are vulnerable to heat. (rF-)
You are in touch with the powers of death.
You do not drink.


Message History

Aim: an ogre, wielding a +0 giant club (chance to affect: 83%)
You feel a surge of power!
The ogre writhes in agony.
You now have 7/10 mp.
Casting: Necrotize (safe; 1% risk of failure)
Confirm with . or Enter, or press ? or * to list all spells.
Aiming: Necrotize (safe; 1% risk of failure)
Press: ? - help, Shift-Dir - straight line, f/p - ogre
Aim: an ogre, wielding a +0 giant club (lightly wounded, chance to affect: 83%)
You feel a surge of power!
The ogre barely resists.
You now have 6/10 mp.
Casting: Necrotize (safe; 1% risk of failure)
Confirm with . or Enter, or press ? or * to list all spells.
Aiming: Vampiric Draining (dangerous; 4% risk of failure)
Press: ? - help, Shift-Dir - straight line, f/p - ogre
Aim: an ogre, wielding a +0 giant club (lightly wounded)
You feel a surge of power!
You miscast Vampiric Draining.
You are very lightly contaminated with residual magic.
Nothing appears to happen.
The ogre hits you with a +0 giant club!!
Ouch! That really hurt!
You take 19 damage, and have 11/30 hp.
MASSIVE DAMAGE!!
You now have 4/10 mp.
Casting: Vampiric Draining (dangerous; 4% risk of failure)
Confirm with . or Enter, or press ? or * to list all spells.
Okay, then.
You hit the ogre.
The ogre is moderately wounded.
Casting: Vampiric Draining (dangerous; 4% risk of failure)
Confirm with . or Enter, or press ? or * to list all spells.
Aiming: Vampiric Draining (dangerous; 4% risk of failure)
Press: ? - help, Shift-Dir - straight line, f/p - ogre
Aim: an ogre, wielding a +0 giant club (moderately wounded)
You feel a surge of power!
You draw life force from the ogre!
You feel life coursing into your body. The ogre barely misses you.
You regained 5 hp, and now have 17/30 hp.
You now have 1/10 mp.
You whack the ogre!
The ogre is severely wounded.
The ogre hits you with a +0 giant club!!
Ouch! That really hurt!
You die...

#.# ##'##
##...##
##.....##
##.......##
#.........#
+.(.......+
#.........#
##[.@O..)##
##.....#...
##...##.##
##+## .# .#


You could see an ogre.

Vanquished Creatures
  3 adders (D:2)
  A worm (D:3)
  3 dart slugs
  2 orcs (D:3)
  6 bats
  10 endoplasms
  3 giant cockroaches
  11 goblins
  5 hobgoblins
  5 kobolds
  7 quokkas
  11 ball pythons
  4 frilled lizards
  6 rats
77 creatures vanquished.

Vanquished Creatures (collateral kills)
  A dart slug (D:2)
1 creature vanquished.

Grand Total: 78 creatures vanquished

Notes
Turn   | Place    | Note
-------+----------+-------------------------------------------
     0 | D:1      | trckry the Mummy Necromancer began the quest for the Orb.
     0 | D:1      | Reached XP level 1. HP: 13/13 MP: 4/4
   276 | D:1      | Reached XP level 2. HP: 19/19 MP: 4/6
  1171 | D:1      | Gained mutation: You are in touch with the powers of death.
                  | [Mummy growth]
  1171 | D:1      | Reached XP level 3. HP: 24/24 MP: 5/7
  1262 | D:1      | Found a faded altar of an unknown god.
  1891 | D:2      | Reached skill level 5 in Necromancy
  1987 | D:2      | Identified the +3 whip "Giqal" {elec, Will+ Str+2}
  2129 | D:2      | Reached XP level 4. HP: 30/30 MP: 5/9
  2133 | D:2      | Learned a level 3 spell: Vampiric Draining
  2138 | D:2      | Learned a level 4 spell: Animate Dead
  3669 | D:4      | Found Ange's Book Emporium.
  3757 | D:4      | Noticed an ogre
  3758 | D:4      | Identified the +1 pair of gloves "Ukazoa" {Rampage +Blink}
  3769 | D:4      | Mangled by an ogre

Illustrated notes

Levels and vault maps discovered:
D:1:      lightli_arrival_quake, layout_loops_ring,
          shapermc_ecumenical_altar_hornbeckon, nicolae_wormholes
D:2:      layout_loops_corners
D:3:      cheibrodos_old_hovel, layout_basic
D:4:      layout_loops_corners, serial_shops, shop, shop_statue,
          nicolae_stop_n_shop_1, uniq_sigmund

Skill      XL: |  1  2  3  4 |
---------------+-------------+-----
Spellcasting   | 3 4 |  4.1
Necromancy     | 5 |  5.6
Dodging        | |  1.5
Stealth        | |  1.5

Action                   |  1- 3 |  4- 6 || total
-------------------------+-------+-------++-------
Melee: Whip              |       |     3 ||     3
 Cast: Necrotize         |    96 |    63 ||   159
       Vampiric Draining |       |     1 ||     1
Armor: Robe              |     6 |     1 ||     7
Dodge: Dodged            |    12 |     4 ||    16

Table legend: (Time is in decaauts)
 A = Elapsed time spent in this place.
 B = Non-inter-level travel time spent in this place.
 C = Inter-level travel time spent in this place.
 D = Time resting spent in this place.
 E = Time spent auto-exploring this place.
 F = Levels seen in this place.
 G = Mean time per level.
                   A        B        C        D        E       F      G
               +--------+--------+--------+--------+--------+-----+--------+
         Total |   3777 |   3660 |    117 |     82 |   2844 |   4 |  944.2 |
       Dungeon |   3777 |   3660 |    117 |     82 |   2844 |   4 |  944.2 |
               +--------+--------+--------+--------+--------+-----+--------+

Top non-repeatable levels by time:
     D:1: 1528 daAuts
     D:2: 1140 daAuts
     D:3: 918 daAuts
     D:4: 189 daAuts
